Map: Vallée des cactus EC

Players

AgCl

  • Race: Protoss Protoss
  • League: Grandmaster

FrostyProbe - Winner!

  • Race: Terran Terran
  • League: Grandmaster

VOD

Have the link to the VOD?

Description

Time

  • Played on: June 23, 2015, 2:54 p.m.
  • Length: 6:34
Show
View Real Time Build Order
Export as new Build Order

AgCl Protoss 

Build Orders:  

Get SALT Encoding   

  12  1:41  Pylon  
  12  1:49  Nexus  
  12  1:50  Assimilator  
  12  1:51  Probe  
  13  2:03  Probe (Chrono Boost)  
  13  2:04  Gateway  
  14  2:13  Forge  
  14  2:14  Probe (Chrono Boost)  
  15  2:20  Probe (Chrono Boost)  
  16  2:25  Nexus  
  16  2:28  Pylon  
  17  2:31  Probe (Chrono Boost)  
  17  2:37  Probe (Chrono Boost)  
  18  2:48  Probe (Chrono Boost)  
  19  2:56  Cybernetics Core, Probe (Chrono Boost)  
  20  3:00  Pylon  
  20  3:03  Probe (Chrono Boost)  
  21  3:11  Probe (Chrono Boost)  
  23  3:14  Probe (Chrono Boost)  
  23  3:19  Assimilator  
  24  3:21  Probe (Chrono Boost)  
  24  3:26  Probe (Chrono Boost)  
  25  3:31  Probe (Chrono Boost)  
  25  3:34  Probe (Chrono Boost)  
  27  3:41  Mothership Core (Chrono Boost)  
  31  3:43  Probe (Chrono Boost)  
  31  3:45  Probe (Chrono Boost)  
  31  3:52  Probe x2 (Chrono Boost)  
  31  3:53  Stargate  
  33  4:02  Probe (Chrono Boost)  
  36  4:04  Probe (Chrono Boost)  
  36  4:07  Probe (Chrono Boost)  
  36  4:10  Probe (Chrono Boost), Pylon  
  36  4:11  Probe (Chrono Boost)  
  37  4:18  Pylon  
  37  4:22  Probe x3 (Chrono Boost)  
  37  4:24  Warp Gate (Chrono Boost)  
  40  4:31  Probe (Chrono Boost)  
  43  4:32  Probe (Chrono Boost)  
  43  4:33  Probe (Chrono Boost)  
  43  4:37  Photon Cannon  
  44  4:39  Probe (Chrono Boost), Pylon  
  44  4:44  Oracle (Chrono Boost)  
  47  4:46  Probe  
  47  4:48  Probe  
  47  4:50  Probe  
  50  4:58  Probe  
  51  5:00  Probe  
  51  5:02  Probe  
  53  5:08  Fleet Beacon  
  53  5:10  Pylon  
  53  5:12  Probe  
  53  5:13  Probe, Assimilator  
  55  5:14  Probe  
  56  5:23  Assimilator  
  56  5:24  Probe  
  56  5:25  Probe  
  56  5:26  Probe  
  59  5:36  Probe  
  59  5:37  Probe  
  59  5:38  Probe  
  59  5:42  Pylon  
  62  5:48  Probe  
  62  5:49  Probe  
  64  5:50  Probe  
  71  5:58  Pylon  
  71  6:00  Probe, Assimilator  
  71  6:01  Probe  
  73  6:05  Pylon  
  73  6:06  Photon Cannon  
  73  6:08  Assimilator  
  73  6:09  Gateway  
  73  6:11  Gateway  
Show
View Real Time Build Order
Export as new Build Order

FrostyProbe Terran - Winner!

Build Orders:  

Get SALT Encoding   

  12  0:01  SCV  
  13  0:14  SCV  
  14  0:18  Supply Depot  
  14  0:26  SCV  
  15  0:29  Refinery  
  15  0:39  SCV  
  16  0:45  Barracks  
  16  0:51  SCV  
  17  1:04  Barracks  
  17  1:06  SCV  
  18  1:18  SCV  
  19  1:27  Barracks  
  19  1:31  SCV  
  20  1:34  Barracks Reactor  
  20  1:42  Supply Depot  
  20  1:43  SCV  
  21  1:54  Barracks Tech Lab  
  21  1:57  SCV, Refinery  
  22  2:09  Orbital Command  
  22  2:11  Marine  
  22  2:14  Marine  
  24  2:19  Barracks Reactor  
  24  2:24  Marauder  
  26  2:33  Marine  
  26  2:34  Marine  
  26  2:36  SCV  
  29  2:40  Stimpack  
  29  2:47  Marauder  
  31  2:58  Supply Depot  
  31  3:15  Command Center  
  31  3:22  Marine  
  31  3:25  SCV, Factory  
  33  3:30  Marauder  
  33  3:33  Marine  
  36  3:36  Marine  
  37  3:43  Supply Depot  
  37  3:45  Marine  
  37  3:48  Marine  
  39  4:04  SCV, Marine x2  
  39  4:07  Supply Depot  
  42  4:11  Marine  
  42  4:13  Marauder  
  45  4:17  Factory Reactor  
  45  4:24  Starport  
  45  4:30  Marine  
  46  4:34  Marauder  
  48  4:41  Marine x2  
  50  4:48  Orbital Command  
  50  4:51  Marine  
  51  4:54  Marine  
  52  5:02  Marauder  
  52  5:05  Marine x2  
  56  5:19  Medivac  
  56  5:20  Medivac  
  60  5:26  Marine x4  
  60  5:27  SCV  
  65  5:49  Supply Depot, Viking  
  67  5:50  Viking  
  67  5:55  Marine  
  70  6:03  Supply Depot  
  70  6:06  Supply Depot  
  70  6:11  Marine  
  71  6:12  SCV  
  71  6:13  SCV  
Tags
 
Add a new tag
Caveats
  • Supply blocks, unpowered buildings, or Contaminate may cause inaccurate times.
  • Supply counts are checked every 10 seconds.